SA
CONNETQUOT CHIEFS @ MT. VERNON BULLS
05/09/2025
 
TOP OF THE 1ST
Connetquot Chiefs batting - Pitching for Mt. Vernon Bulls : RHP Adam Vaillancourt
Pitching: RHP Adam Vaillancourt
Batting: RHB Ed Gambrell 0-0: Swinging Strike
0-1: Fly out, F8 (Line Drive, 8RM)
Batting: RHB Otis Brewer 0-0: Called Strike
0-1: Swinging Strike
0-2: Strikes out swinging
Batting: LHB Steve Sconiers 0-0: Called Strike
0-1: Called Strike
0-2: Foul Ball, location: 2F
0-2: Strikes out swinging
Top of the 1st over - 0 run(s), 0 hit(s), 0 error(s), 0 left on base; Connetquot 0 - Mt. Vernon 0
BOTTOM OF THE 1ST
Mt. Vernon Bulls batting - Pitching for Connetquot Chiefs : RHP Santos Guzowski
Pitching: RHP Santos Guzowski
Batting: RHB Noël Sassetti 0-0: Ball
1-0: Ball
2-0: Called Strike
2-1: DOUBLE (Flyball, 7)
Batting: RHB Phil Dougherty 0-0: Called Strike
0-1: SINGLE (Flyball, 78S)
Noël Sassetti to third
Batting: LHB Dawit Lihalakha 0-0: Ball
1-0: Ball
2-0: Swinging Strike
2-1: Ball
3-1: Swinging Strike
3-2: Ground out 5-3 (Groundball, 56S)
Noël Sassetti scores
Phil Dougherty to second
Batting: LHB Earl Wiley 0-0: Called Strike
0-1: Foul Ball, location: 2F
0-2: Ball
1-2: Strikes out looking
Batting: RHB George Zeek 0-0: Ball
1-0: Ball
2-0: Ball
3-0: Called Strike
3-1: Called Strike
3-2: SINGLE (Groundball, 3D)
Phil Dougherty to third
Phil Dougherty scores
Batting: RHB Rafael López 0-0: Called Strike
0-1: Foul Ball, location: 2F
0-2: Ball
George Zeek steals 2nd base
1-2: Ball
2-2: Ball
3-2: Strikes out swinging
Bottom of the 1st over - 2 run(s), 3 hit(s), 0 error(s), 1 left on base; Connetquot 0 - Mt. Vernon 2
TOP OF THE 2ND
Connetquot Chiefs batting - Pitching for Mt. Vernon Bulls : RHP Adam Vaillancourt
Batting: RHB Geoffrey Broekhuizen 0-0: Ball
1-0: Ball
2-0: DOUBLE (Line Drive, 7LM)
Batting: LHB Cornelius Taitt 0-0: Fly out, F7 (Flyball, 78D)
Batting: RHB Pablo Ledesma 0-0: Fly out, F8 (Flyball, 78M)
Batting: RHB Dale Quick 0-0: Swinging Strike
0-1: Called Strike
0-2: Ball
1-2: Foul Ball, location: 2F
1-2: Ball
2-2: Strikes out swinging
Top of the 2nd over - 0 run(s), 1 hit(s), 0 error(s), 1 left on base; Connetquot 0 - Mt. Vernon 2
BOTTOM OF THE 2ND
Mt. Vernon Bulls batting - Pitching for Connetquot Chiefs : RHP Santos Guzowski
Batting: SHB Marvin Fitton 0-0: Foul Ball, location: 2F
0-1: Ball
1-1: Ball
2-1: Ball
3-1: Foul Ball, location: 2F
3-2: Strikes out swinging
Batting: SHB José Macías 0-0: Ball
1-0: Ground out U3 (Groundball, 3)
Batting: RHB Ken Gardner 0-0: Ball
1-0: Ball
2-0: Ball
3-0: Called Strike
3-1: Foul Ball, location: 2F
3-2: Base on Balls
Batting: RHB Noël Sassetti 0-0: Called Strike
0-1: Foul Ball, location: 2F
0-2: Ball
1-2: Strikes out swinging
Bottom of the 2nd over - 0 run(s), 0 hit(s), 0 error(s), 1 left on base; Connetquot 0 - Mt. Vernon 2
TOP OF THE 3RD
Connetquot Chiefs batting - Pitching for Mt. Vernon Bulls : RHP Adam Vaillancourt
Batting: RHB David Pérez 0-0: Foul Ball, location: 2F
0-1: SINGLE (Line Drive, 34D)
Batting: RHB Jesús Quintana 0-0: Ball
1-0: Ball
2-0: Ball
David Pérez is caught stealing 2nd base
3-0: Called Strike
3-1: Foul Ball, location: 2F
3-2: SOLO HOME RUN (Flyball, 8LXD), Distance : 451 ft
Batting: RHB Ed Gambrell 0-0: DOUBLE (Line Drive, 89M)
Batting: RHB Otis Brewer 0-0: Ball
1-0: Ground out 5-3 (Groundball, 56S)
Ed Gambrell to third
Batting: LHB Steve Sconiers 0-0: Ground out U3 (Groundball, 3D)
Top of the 3rd over - 1 run(s), 3 hit(s), 0 error(s), 1 left on base; Connetquot 1 - Mt. Vernon 2
BOTTOM OF THE 3RD
Mt. Vernon Bulls batting - Pitching for Connetquot Chiefs : RHP Santos Guzowski
Batting: RHB Phil Dougherty 0-0: Called Strike
0-1: Foul Ball, location: 2F
0-2: Foul Ball, location: 2F
0-2: Ball
1-2: Strikes out looking
Batting: LHB Dawit Lihalakha 0-0: SINGLE (Groundball, 4MD)
Batting: LHB Earl Wiley 0-0: Ball
1-0: Called Strike
1-1: Foul Ball, location: 2F
1-2: Ball
2-2: Foul Ball, location: 2F
2-2: SINGLE (Groundball, 34S) (infield hit)
Dawit Lihalakha to second
Pitching: RHP Leon Siebert
Batting: RHB George Zeek 0-0: Ball
1-0: Foul Ball, location: 2F
1-1: Ball
2-1: SINGLE (Groundball, 6D)
Dawit Lihalakha to third
Earl Wiley to second
Runner from 3rd tries for Home, throw and OUT!
Earl Wiley to third
George Zeek to second
Batting: RHB Rafael López 0-0: Ground out 5-3 (Groundball, 5L)
Bottom of the 3rd over - 0 run(s), 3 hit(s), 0 error(s), 2 left on base; Connetquot 1 - Mt. Vernon 2
TOP OF THE 4TH
Connetquot Chiefs batting - Pitching for Mt. Vernon Bulls : RHP Adam Vaillancourt
Batting: RHB Geoffrey Broekhuizen 0-0: Ball
1-0: Fly out, F9 (Flyball, 9LM)
Batting: LHB Cornelius Taitt 0-0: Ball
1-0: Called Strike
1-1: Ground out 1-3 (Groundball, P)
Batting: RHB Pablo Ledesma 0-0: Ball
1-0: Fly out, F9 (Flyball, 9LM)
Top of the 4th over - 0 run(s), 0 hit(s), 0 error(s), 0 left on base; Connetquot 1 - Mt. Vernon 2
BOTTOM OF THE 4TH
Mt. Vernon Bulls batting - Pitching for Connetquot Chiefs : RHP Leon Siebert
Batting: SHB Marvin Fitton 0-0: Foul Ball, location: 2F
0-1: Foul Ball, location: 2F
0-2: Ball
1-2: Ball
2-2: Strikes out looking
Batting: SHB José Macías 0-0: Foul Ball, location: 2F
0-1: Swinging Strike
0-2: Strikes out swinging
Batting: RHB Ken Gardner 0-0: Ball
1-0: Ball
2-0: Fly out, F8 (Flyball, 8LM)
Bottom of the 4th over - 0 run(s), 0 hit(s), 0 error(s), 0 left on base; Connetquot 1 - Mt. Vernon 2
TOP OF THE 5TH
Connetquot Chiefs batting - Pitching for Mt. Vernon Bulls : RHP Adam Vaillancourt
Batting: RHB Dale Quick 0-0: Ball
1-0: Ground out 6-3 (Groundball, 6S)
Batting: RHB David Pérez 0-0: Ground out 6-3 (Groundball, 6)
Batting: RHB Jesús Quintana 0-0: DOUBLE (Flyball, 9LM)
Batting: RHB Ed Gambrell 0-0: Ball
1-0: Foul Ball, location: 2F
1-1: Fly out, F7 (Flyball, 7S)
Top of the 5th over - 0 run(s), 1 hit(s), 0 error(s), 1 left on base; Connetquot 1 - Mt. Vernon 2
BOTTOM OF THE 5TH
Mt. Vernon Bulls batting - Pitching for Connetquot Chiefs : RHP Leon Siebert
Batting: RHB Noël Sassetti 0-0: Called Strike
0-1: SINGLE (Groundball, 6D)
Batting: RHB Phil Dougherty 0-0: Ball
Noël Sassetti steals 2nd base
1-0: Called Strike
1-1: Bunted foul
1-2: SINGLE (Groundball, 4MD)
Noël Sassetti to third
Runner from 3rd tries for Home, SAFE, no throw
Batting: LHB Dawit Lihalakha 0-0: Ball
1-0: Swinging Strike
1-1: Ball
2-1: Ball
3-1: Foul Ball, location: 2F
3-2: Base on Balls
Phil Dougherty to second
Batting: LHB Earl Wiley 0-0: Ball
1-0: Called Strike
1-1: Foul Ball, location: 2F
1-2: Strikes out swinging
Batting: RHB George Zeek 0-0: Ball
1-0: Ball
2-0: Ball
3-0: Base on Balls
Phil Dougherty to third
Dawit Lihalakha to second
Batting: RHB Rafael López 0-0: Called Strike
0-1: Swinging Strike
0-2: SINGLE (Flyball, 8RS)
Phil Dougherty scores
Dawit Lihalakha to third
George Zeek to second
Batting: SHB Marvin Fitton 0-0: Foul Ball, location: 2F
0-1: DOUBLE (Line Drive, 3D)
Dawit Lihalakha scores
George Zeek scores
Rafael López to third
Pitching: LHP Jasper Sanders
Batting: SHB José Macías 0-0: Ball
1-0: Ball
2-0: Ground out 4-3 (Groundball, 34)
Rafael López scores
Marvin Fitton to third
Batting: RHB Ken Gardner 0-0: Ball
1-0: Called Strike
1-1: Fly out, F8 (Flyball, 8LM)
Bottom of the 5th over - 5 run(s), 4 hit(s), 0 error(s), 1 left on base; Connetquot 1 - Mt. Vernon 7
TOP OF THE 6TH
Connetquot Chiefs batting - Pitching for Mt. Vernon Bulls : RHP Adam Vaillancourt
Batting: RHB Otis Brewer 0-0: Ball
1-0: Ball
2-0: Called Strike
2-1: Called Strike
2-2: Ball
3-2: Reached on error, E6 (Groundball, 6)
Pitching: RHP Ángel Pérez
Batting: LHB Steve Sconiers 0-0: Called Strike
0-1: Ball
1-1: Swinging Strike
1-2: Strikes out swinging
Batting: RHB Geoffrey Broekhuizen 0-0: Ball
1-0: SINGLE (Groundball, 25) (infield hit)
Otis Brewer to second
Batting: LHB Cornelius Taitt 0-0: Called Strike
0-1: Ball
1-1: Called Strike
1-2: Strikes out swinging
Batting: RHB Pablo Ledesma 0-0: Ball
1-0: Fielders Choice at 2nd, 4-6 (Groundball, 4)
Top of the 6th over - 0 run(s), 1 hit(s), 1 error(s), 1 left on base; Connetquot 1 - Mt. Vernon 7
BOTTOM OF THE 6TH
Mt. Vernon Bulls batting - Pitching for Connetquot Chiefs : LHP Jasper Sanders
Batting: RHB Noël Sassetti 0-0: Foul Ball, location: 2F
0-1: Called Strike
0-2: Strikes out swinging
Batting: RHB Phil Dougherty 0-0: Ball
1-0: Swinging Strike
1-1: Ball
2-1: SINGLE (Flyball, 3D)
Batting: LHB Dawit Lihalakha 0-0: Ball
1-0: SINGLE (Flyball, 7S)
Phil Dougherty to second
Batting: LHB Earl Wiley 0-0: Ball
1-0: Foul Ball, location: 2F
1-1: Ball
2-1: Foul Ball, location: 2F
2-2: Foul Ball, location: 2F
2-2: SINGLE (Line Drive, 89S)
Phil Dougherty to third
Dawit Lihalakha to second
Batting: RHB George Zeek 0-0: Ball
1-0: Ball
2-0: Ball
3-0: Called Strike
3-1: Base on Balls
Phil Dougherty scores
Dawit Lihalakha to third
Earl Wiley to second
Batting: RHB Rafael López 0-0: Called Strike
0-1: Fly out, F9 (Flyball, 9LD)
Runner from 3rd tags up, SCORES, no throw
Batting: SHB Marvin Fitton 0-0: Ball
1-0: Ball
2-0: Called Strike
2-1: Ground out 5-3 (Groundball, 5S)
Bottom of the 6th over - 2 run(s), 3 hit(s), 0 error(s), 2 left on base; Connetquot 1 - Mt. Vernon 9
TOP OF THE 7TH
Connetquot Chiefs batting - Pitching for Mt. Vernon Bulls : RHP Ángel Pérez
Now at 3B: Jorge Miranda
Batting: RHB Dale Quick 0-0: Called Strike
0-1: Ball
1-1: Ball
2-1: Swinging Strike
2-2: Ground out 5-3 (Groundball, 5S)
Batting: RHB David Pérez 0-0: Called Strike
0-1: Swinging Strike
0-2: Strikes out looking
Batting: RHB Jesús Quintana 0-0: Ball
1-0: Swinging Strike
1-1: Ball
2-1: Called Strike
2-2: Strikes out swinging, 2-3 out at first.
Top of the 7th over - 0 run(s), 0 hit(s), 0 error(s), 0 left on base; Connetquot 1 - Mt. Vernon 9
BOTTOM OF THE 7TH
Mt. Vernon Bulls batting - Pitching for Connetquot Chiefs : LHP Jasper Sanders
Batting: SHB José Macías 0-0: Foul Ball, location: 2F
0-1: Called Strike
0-2: Strikes out swinging
Batting: RHB Ken Gardner 0-0: Ball
1-0: Foul Ball, location: 2F
1-1: Foul Ball, location: 2F
1-2: Ball
2-2: Ball
3-2: Fly out, F7 (Line Drive, 7)
Batting: RHB Noël Sassetti 0-0: Ball
1-0: Ball
2-0: Called Strike
2-1: Swinging Strike
2-2: Ball
3-2: Strikes out swinging
Bottom of the 7th over - 0 run(s), 0 hit(s), 0 error(s), 0 left on base; Connetquot 1 - Mt. Vernon 9
TOP OF THE 8TH
Connetquot Chiefs batting - Pitching for Mt. Vernon Bulls : RHP Ángel Pérez
Pinch Hitting: RHB Sang Hong-Do 0-0: DOUBLE (Line Drive, 78M)
Batting: RHB Otis Brewer 0-0: Ball
1-0: Ball
2-0: Fly out, F7 (Line Drive, 78M)
Batting: LHB Steve Sconiers 0-0: Ball
1-0: Ball
2-0: Swinging Strike
2-1: Ball
3-1: Ground out 6-3 (Groundball, 6)
Sang Hong-Do to third
Batting: RHB Geoffrey Broekhuizen 0-0: Foul Ball, location: 2F
0-1: Foul Ball, location: 2F
0-2: Foul Ball, location: 2F
0-2: Ball
1-2: Foul Ball, location: 2F
1-2: Foul Ball, location: 2F
1-2: Ground out 6-3 (Groundball, 6)
Top of the 8th over - 0 run(s), 1 hit(s), 0 error(s), 1 left on base; Connetquot 1 - Mt. Vernon 9
BOTTOM OF THE 8TH
Mt. Vernon Bulls batting - Pitching for Connetquot Chiefs : LHP Jasper Sanders
Now at 3B: Jim Unknown
Batting: RHB Phil Dougherty 0-0: Ball
1-0: Ball
2-0: Called Strike
2-1: Ball
3-1: Base on Balls
Pitching: RHP Ching-hsia Hsing
Batting: LHB Dawit Lihalakha 0-0: Called Strike
0-1: Swinging Strike
0-2: Foul Ball, location: 2F
0-2: Strikes out looking
Batting: LHB Earl Wiley 0-0: Called Strike
0-1: Ball
1-1: Fielders Choice at 2nd, 4-6 (Groundball, 4)
Batting: RHB Jorge Miranda 0-0: Called Strike
0-1: Ball
1-1: Reached on error, E6 (Groundball, 6)
Earl Wiley to second
Batting: RHB Rafael López 0-0: Called Strike
0-1: Fielders Choice at 2nd, 5-4 (Groundball, 5)
Bottom of the 8th over - 0 run(s), 0 hit(s), 1 error(s), 1 left on base; Connetquot 1 - Mt. Vernon 9
TOP OF THE 9TH
Connetquot Chiefs batting - Pitching for Mt. Vernon Bulls : RHP Ángel Pérez
Batting: LHB Cornelius Taitt 0-0: Ball
1-0: Fly out, F9 (Flyball, 9LS)
Batting: RHB Pablo Ledesma 0-0: Fly out, F2 (Popup, 15)
Batting: RHB Dale Quick 0-0: Swinging Strike
0-1: Ball
1-1: Ball
2-1: Ground out 6-3 (Groundball, 6)
Top of the 9th over - 0 run(s), 0 hit(s), 0 error(s), 0 left on base; Connetquot 1 - Mt. Vernon 9
Friday, December 30th, 2016 - OOTP Baseball 17.12 Build 75